 Dungeon Crawl Stone Soup version 0.25.1-2-g60ff931df9 (webtiles) character file.

Game seed: 7221788577715338717

5635 JayGee the Protected (level 10, 0/92 HPs)
             Began as a Minotaur Fighter on Sept 28, 2020.
             Was a Priest of Makhleb.
             Slain by a black mamba (2 damage)
             ... on level 8 of the Dungeon.
             The game lasted 01:24:43 (10510 turns).

JayGee the Protected (Minotaur Fighter)            Turns: 10510, Time: 01:24:43

Health: 0/92       AC: 13    Str: 30    XL:     10   Next: 46%
Magic:  12/12      EV:  9    Int:  5    God:    Makhleb [***...]
Gold:   463        SH: 12    Dex: 10    Spells: 9/9 levels left

rFire    . . .     SeeInvis .   a - +0 war axe
rCold    . . .     Gourm    .   c - +0 kite shield
rNeg     . . .     Faith    .   b - +1 scale mail
rPois    .         Spirit   .   (helmet restricted)
rElec    .         Reflect  .   s - +0 cloak
rCorr    .         Harm     .   y - +0 pair of gloves
MR       .....                  C - +0 pair of boots
Stlth    ..........             (no amulet)
HPRegen  0.25/turn              f - +6 ring of strength
MPRegen  0.13/turn              (no ring)

@: no status effects
A: retaliatory headbutt, horns 2
a: Minor Destruction, Lesser Servant of Makhleb, Renounce Religion


You were on level 8 of the Dungeon.
You worshipped Makhleb.
Makhleb was most pleased with you.
You were not hungry.

You visited 2 branches of the dungeon, and saw 9 of its levels.

You collected 463 gold pieces.

Inventory:

Hand Weapons
 a - a +0 war axe (weapon)
 g - a +4 quarterstaff of chaos
 i - a +1 dagger of protection
 q - a +3 dagger
 v - a +0 mace of protection
 F - a +0 shortbow
 I - a +0 vorpal hand axe
 J - a +0 shortbow of freezing
 W - a +0 short sword of venom
Missiles
 k - 5 large rocks
 n - 159 stones (quivered)
 t - 4 datura-tipped darts
 x - 69 arrows
 S - 2 throwing nets
 X - 10 boomerangs
 Y - 38 poisoned darts
Armour
 b - a +1 scale mail (worn)
 c - a +0 kite shield (worn)
 o - a cursed +0 leather armour
 s - a +0 cloak (worn)
 y - a +0 pair of gloves (worn)
 C - a +0 pair of boots (worn)
 O - a +0 robe of the Archmagi
Magical Staves
 V - an uncursed staff of conjuration {unknown}
Jewellery
 f - a +6 ring of strength (left hand)
 K - an uncursed ring of flight
 L - an uncursed ring of poison resistance {unknown}
Wands
 M - a wand of acid (4)
 N - a wand of clouds (6)
 Q - a wand of paralysis (2)
 T - a wand of digging (5)
Scrolls
 d - a scroll of identify
 h - a scroll of enchant armour
 j - 4 scrolls of teleportation
 p - 5 scrolls of immolation {unknown}
 w - 5 scrolls of remove curse
 B - 2 scrolls of random uselessness {unknown}
 D - 2 scrolls of blinking {unknown}
 H - 2 scrolls of fog {unknown}
 P - a scroll of amnesia {unknown}
 U - 2 scrolls of enchant weapon {unknown}
Potions
 e - a potion of lignification {unknown}
 l - 3 potions of brilliance
 m - 2 potions of berserk rage {unknown}
 z - 4 potions of curing
 A - 3 potions of heal wounds {unknown}
 E - 2 potions of magic {unknown}
 G - 2 potions of stabbing
 R - a potion of flight {unknown}
Comestibles
 r - 6 chunks of flesh
 u - 11 rations


   Skills:
 + Level 9.6 Fighting
 + Level 9.2 Axes
 + Level 9.6 Armour
 + Level 9.6 Shields
 + Level 4.9 Invocations


You had 9 spell levels left.
You didn't know any spells.
Your spell library was empty.

Dungeon Overview and Level Annotations

Branches:
Dungeon (8/15)             Temple (0/1) D:5            Lair (1/6) D:8

Altars:
Makhleb


Innate Abilities, Weirdness & Mutations

You reflexively headbutt those who attack you in melee.
You have a pair of horns on your head.


Message History

You headbutt the water moccasin. You block the wolf's attack. x2
The black mamba barely misses you. The wolf bites you!
* * * LOW HITPOINT WARNING * * *
You block the wolf's attack.
The water moccasin bites you but does no damage.
The black mamba bites you!
* * * LOW HITPOINT WARNING * * *
You block the wolf's attack.
The wolf bites the plant.
You block the wolf's attack. The black mamba bites you!
* * * LOW HITPOINT WARNING * * *
The wolf bites the plant.
The wolf bites you.
* * * LOW HITPOINT WARNING * * *
The wolf bites the fungus.
The black mamba bites you.
* * * LOW HITPOINT WARNING * * *
The wolf bites the fungus. x2
The water moccasin bites the plant but does no damage.
You block the black mamba's attack.
The wolf bites the fungus.
The black mamba bites you.
You die...

.......###...P.PP....PPP.P......#
........#...P.P..>...P.P........#
####)#....P..P...P.......P.#.....
..#..###....P.PP..P........###r..
..#..####.....PP.P..PPPP..## ##..
..'..#.......PP.S.P.P.PP.## ##...
..#..#......รท.Phh.PP.P..P.###..>.
..#..#......P..PSP..P..........#.
######.........P@P.P.........###.
#..............P.....P...#...##..
##...........P..P..P.PP.###......
##...........##......#### ##.....
.....######...##..#..#######....#
...### ##..###................
##.## #...##...#........###. #...#
##.....####...##..# ## ....#
##......# #...##..#


You could see a black mamba, a water moccasin and 2 wolves.

Vanquished Creatures
  4 polar bears (Lair:1)
  A yak (D:8)
  A hungry ghost (D:7)
  5 porcupines (D:8)
  2 water moccasins (D:8)
  An ice beast (D:6)
  A necrophage (D:7)
  3 sky beasts
  2 phantoms (D:6)
  3 ogres
  A wolf (D:7)
  3 centaurs
  A crocodile (D:8)
  3 bullfrogs
  2 scorpions
  9 killer bees
  A wight (D:8)
  2 howler monkeys
  3 crimson imps
  A bullfrog zombie (D:6)
  3 hounds
  2 jellies
  Crazy Yiuf (D:6)
  4 orc priests
  6 orc wizards
  A bullfrog skeleton (D:6)
  4 iguanas
  Natasha (twice) (D:3)
  7 worker ants
  A hound zombie (D:6)
  A hound skeleton (D:6)
  A worker ant zombie (D:6)
  3 gnolls (D:5)
  5 adders
  An ooze (D:7)
  3 adder zombies
  2 worms
  An adder skeleton (D:6)
  2 dart slugs (D:1)
  3 leopard geckos
  23 orcs
  7 bats
  3 giant cockroaches
  4 goblins
  6 hobgoblins
  4 jackals (D:5)
  2 quokkas
  4 ball pythons
  10 kobolds
  A quokka zombie (D:6)
  9 rats
  2 bushes (D:1)
  2 fungi (D:8)
  5 plants
184 creatures vanquished.

Vanquished Creatures (collateral kills)
  A yak (D:8)
  3 hogs (D:8)
  A human (D:8)
  A wolf (Lair:1)
  An adder (D:8)
7 creatures vanquished.

Vanquished Creatures (others)
  26 fungi
  4 plants (D:8)
30 creatures vanquished.

Grand Total: 221 creatures vanquished

Notes
Turn   | Place    | Note
-------+----------+-------------------------------------------
     0 | D:1      | JayGee the Minotaur Fighter began the quest for the Orb.
     0 | D:1      | Reached XP level 1. HP: 19/19 MP: 0/0
   399 | D:1      | Reached XP level 2. HP: 27/27 MP: 1/1
  1398 | D:2      | Reached XP level 3. HP: 23/33 MP: 2/2
  2283 | D:3      | Reached XP level 4. HP: 31/41 MP: 3/3
  2639 | D:3      | Reached XP level 5. HP: 47/47 MP: 4/4
  2932 | D:3      | Noticed Natasha
  2944 | D:3      | Killed Natasha
  3013 | D:3      | Reached skill level 5 in Fighting
  3401 | D:3      | Noticed a sky beast
  3407 | D:3      | Noticed Natasha
  3408 | D:3      | Killed a sky beast
  3408 | D:3      | Reached skill level 5 in Armour
  3408 | D:3      | Reached skill level 5 in Shields
  3408 | D:3      | Reached XP level 6. HP: 56/56 MP: 5/5
  3420 | D:3      | Killed Natasha
  3796 | D:4      | Found a burning altar of Makhleb.
  3816 | D:4      | Became a worshipper of Makhleb the Destroyer
  4174 | D:5      | Entered Level 5 of the Dungeon
  4232 | D:5      | Found a staircase to the Ecumenical Temple.
  4390 | D:5      | Reached skill level 5 in Axes
  4390 | D:5      | Reached XP level 7. HP: 59/62 MP: 6/6
  5304 | D:5      | Reached * piety under Makhleb
  5776 | D:6      | Reached XP level 8. HP: 71/71 MP: 7/7
  6538 | D:6      | Reached ** piety under Makhleb
  6604 | D:6      | Found a runed translucent door.
  6605 | D:6      | Noticed Crazy Yiuf
  6610 | D:6      | Killed Crazy Yiuf
  7086 | D:7      | Reached skill level 1 in Invocations
  7414 | D:7      | Reached XP level 9. HP: 77/80 MP: 9/9
  9339 | D:8      | Found a staircase to the Lair.
  9377 | Lair:1   | Entered Level 1 of the Lair of Beasts
  9377 | Lair:1   | Noticed a polar bear
  9383 | Lair:1   | Noticed a polar bear
  9384 | Lair:1   | Killed a polar bear
  9384 | Lair:1   | Reached XP level 10. HP: 90/91 MP: 10/12
  9403 | Lair:1   | Reached *** piety under Makhleb
  9469 | Lair:1   | Noticed a black mamba
  9506 | D:8      | HP: 4/91 [poisoned by a water moccasin]
  9513 | D:8      | HP: 3/91 [poisoned by a water moccasin]
  9518 | D:8      | HP: 3/91 [poisoned by a water moccasin]
  9524 | D:8      | HP: 3/91 [poisoned by a water moccasin]
  9529 | D:8      | HP: 3/91 [poisoned by a water moccasin]
 10507 | D:8      | HP: 1/92 [black mamba (6)]
 10510 | D:8      | Slain by a black mamba

Illustrated notes

Levels and vault maps discovered:
D:1:      giann_forest_graveyard, layout_rooms, serial_forest,
          infiniplex_forest_clump_long, infiniplex_forest_clump_long,
          infiniplex_forest_clump_long, infiniplex_forest_clump_diagonal,
          infiniplex_forest_split, infiniplex_forest_fountain,
          infiniplex_forest_lined_room_2, infiniplex_forest_clump_tiny,
          infiniplex_forest_straight_1
D:2:      layout_loops_ring
D:3:      layout_loops_cross, uniq_natasha
D:4:      layout_rooms, first_ration, roderic_serpentine_path,
          makhleb_blood_cavern_becter
D:5:      layout_gridville, temple_pool_b
D:6:      layout_loops_ring, minmay_circle_x, uniq_crazy_yiuf_cottage
D:7:      layout_loops_ring
D:8:      layout_layer_cave, due_lair_maze_entry_diamond, grunt_livestock,
          patterned_corridor
Lair:1:   layout_misc_corridors, cheibrodos_lair_lostbears, grunt_megastairs_2

Skill      XL: |  1  2  3  4  5  6  7  8  9 10 |
---------------+-------------------------------+-----
Shields        | 4 5 6 7 9 |  9.6
Fighting       | 4 5 6 7 9 |  9.6
Armour         | 4 5 6 7 9 |  9.6
Axes           | 3 4 5 6 7 8 9 |  9.2
Invocations    | 1 4 |  4.9

Action                   |  1- 3 |  4- 6 |  7- 9 | 10-12 || total
-------------------------+-------+-------+-------+-------++-------
Melee: War axe           |   233 |    89 |   328 |    82 ||   732
       Headbutt          |    69 |    13 |    72 |    20 ||   174
Invok: Minor Destruction |       |       |    13 |     3 ||    16
       Lesser Servant of |       |       |       |     2 ||     2
Evoke: Wand              |       |       |     2 |     5 ||     7
  Use: Scroll            |       |     4 |     3 |     1 ||     8
       Potion            |       |       |     6 |     5 ||    11
 Stab: Distracted        |       |       |       |     1 ||     1
  Eat: Ration            |     1 |     1 |     2 |       ||     4
       Chunk             |     2 |     3 |    11 |     4 ||    20
Armor: Scale mail        |    42 |    41 |   128 |    45 ||   256
Dodge: Dodged            |    31 |    34 |   109 |    46 ||   220
Block: Kite shield       |    54 |    46 |   202 |    71 ||   373
